 Dungeon Crawl Stone Soup version 0.27-a0-1006-g1fd4cec11e (webtiles) character file.

Game seed: 9893103769145259034

210 siradein the Skirmisher (level 5, -1/43 HPs)
             Began as a Demonspawn Fighter on Apr 18, 2021.
             Slain by a black bear (2 damage)
             ... on level 3 of the Dungeon.
             The game lasted 00:05:29 (3505 turns).

siradein the Skirmisher (Demonspawn Fighter)        Turns: 3505, Time: 00:05:30

Health: -1/43      AC: 10    Str: 16    XL:     5   Next: 57%
Magic:  5/5        EV:  4    Int: 10    God:
Gold:   173        SH:  8    Dex: 13    Spells: 4/4 levels left

rFire    . . .     SeeInvis .   a - +0 flail
rCold    + . .     Faith    .   c - +0 kite shield
rNeg     . . .     Spirit   .   i - +0 chain mail
rPois    .         Reflect  .   (no helmet)
rElec    .         Harm     .   (no cloak)
rCorr    .         Rampage  .   (no gloves)
Will     .....                  (no boots)
Stlth    ..........             (no amulet)
HPRegen  0.14/turn              h - ring of protection from cold
MPRegen  0.09/turn              (no ring)

@: no status effects
A: claws 1, thin metallic scales 1, demonic magic 1
a: no special abilities


You were on level 3 of the Dungeon.
You visited 1 branch of the dungeon, and saw 4 of its levels.

You collected 173 gold pieces.

Inventory:

Hand Weapons
 a - a +0 flail (weapon)
Armour
 c - a +0 kite shield (worn)
 i - a +0 chain mail (worn)
Jewellery
 h - a ring of protection from cold (left claw)
Scrolls
 b - 3 scrolls of identify {unknown}
 f - a scroll of holy word {unknown}
Potions
 d - a potion of might
 e - 2 potions of flight {unknown}
 g - 2 potions of curing {unknown}
 j - a potion of invisibility {unknown}


   Skills:
 + Level 4.9 Fighting
 + Level 4.0 Maces & Flails
 - Level 2.6 Armour
 - Level 2.6 Shields


You had 4 spell levels left.
You didn't know any spells.
Your spell library was empty.

Dungeon Overview and Level Annotations

Branches:
Dungeon (4/15)
 Temple: D:4-7

Altars:
Okawaru
Vehumet
Zin

Shops:
D:3 :


Innate Abilities, Weirdness & Mutations

You have sharp fingernails.
You are partially covered in thin metallic scales. (AC +2)
Spells you cast may paralyse adjacent enemies.


Message History

The black bear is moderately wounded.
The black bear bites you but does no damage.
The black bear claws you but does no damage. x2
You barely miss the black bear.
The black bear is moderately wounded.
The black bear bites you.
The black bear claws you but does no damage. x2
You block the black bear's attack.
The black bear claws you but does no damage. x2
You barely miss the black bear.
The black bear is moderately wounded.
The black bear bites you but does no damage.
You block the black bear's attack.
The black bear claws you but does no damage.
You barely miss the black bear.
The black bear is moderately wounded.
The black bear bites you. The black bear claws you.
The black bear completely misses you.
The black bear bites you but does no damage.
The black bear barely misses you. You block the black bear's attack.
You thump the black bear!
The black bear is severely wounded.
The black bear bites you but does no damage.
The black bear completely misses you. You block the black bear's attack.
You hit the black bear.
The black bear is severely wounded.
The black bear goes berserk!
The black bear bites you but does no damage.
The black bear claws you but does no damage.
The black bear claws you.
You sock the black bear!
The black bear is almost dead.
The black bear bites you.
* * * LOW HITPOINT WARNING * * *
The black bear claws you.
* * * LOW HITPOINT WARNING * * *
You block the black bear's attack. The black bear bites you!
* * * LOW HITPOINT WARNING * * *
The black bear claws you.
You die...

#........# #.........
#........# #....)....
#.....[..# #####.....
#........#########.....
####...................
#>..................
#†###....######.....
#.######## ######
#.h@..# #####.# ######
#...# #....# #.###
#.##.######.#
#.##........#
#.####......#
#.####.....##########
#....#.....##.......#


You could see a black bear (berserk).

Vanquished Creatures
  A hound (D:4)
  A jelly (D:4)
  A bullfrog skeleton (D:2)
  4 adders
  3 worms (D:2)
  4 orcs (D:3)
  5 bats
  6 endoplasms
  6 giant cockroaches
  4 hobgoblins
  11 jackals
  4 quokkas
  4 ball pythons
  3 frilled lizards
  7 goblins
  3 kobolds
  4 rats
71 creatures vanquished.

Notes
Turn   | Place    | Note
-------+----------+-------------------------------------------
     0 | D:1      | siradein the Demonspawn Fighter began the quest for the
                  | Orb.
     0 | D:1      | Reached XP level 1. HP: 18/18 MP: 1/1
   210 | D:1      | Gained mutation: You have sharp fingernails. [demonic
                  | ancestry]
   210 | D:1      | Reached XP level 2. HP: 24/24 MP: 2/2
   799 | D:1      | Gained mutation: Spells you cast may paralyse adjacent
                  | enemies. [demonic ancestry]
   799 | D:1      | Reached XP level 3. HP: 28/29 MP: 3/3
  1548 | D:2      | Gained mutation: You are partially covered in thin metallic
                  | scales. (AC +2) [demonic ancestry]
  1548 | D:2      | Reached XP level 4. HP: 28/37 MP: 4/4
  1785 | D:2      | Found a radiant altar of Vehumet.
  2211 | D:3      | Found Terhot's Book Shop.
  2743 | D:3      | Reached XP level 5. HP: 43/43 MP: 5/5
  2937 | D:3      | Found an iron altar of Okawaru.
  3462 | D:4      | Noticed a black bear
  3466 | D:4      | Noticed a black bear
  3505 | D:3      | HP: 1/43 [black bear (7)]
  3505 | D:3      | Slain by a black bear

Illustrated notes

Levels and vault maps discovered:
D:1:      scummos_arrival_checkerplants, layout_basic, minivault_19
D:2:      layout_basic, basic_altar
D:3:      layout_basic, gammafunk_temple_overflow_wave, serial_shops, shop
D:4:      layout_rooms, minmay_statues_item, chequers_serial_rivers_micro_d

Skill      XL: |  1  2  3  4  5 |
---------------+----------------+-----
Maces & Flails | 2 3 4 |  4.0
Fighting       | 4 |  4.9
Armour         | |  2.6
Shields        | |  2.6

Action                   |  1- 3 |  4- 6 || total
-------------------------+-------+-------++-------
Melee: Flail             |   148 |   176 ||   324
Armor: Scale mail        |    38 |       ||    38
       Chain mail        |    28 |   189 ||   217
Dodge: Dodged            |    42 |    43 ||    85
Block: Kite shield       |    84 |   107 ||   191

Table legend: (Time is in decaauts)
 A = Elapsed time spent in this place.
 B = Non-inter-level travel time spent in this place.
 C = Inter-level travel time spent in this place.
 D = Time resting spent in this place.
 E = Time spent auto-exploring this place.
 F = Levels seen in this place.
 G = Mean time per level.
                   A        B        C        D        E       F      G
               +--------+--------+--------+--------+--------+-----+--------+
         Total |   3668 |   3594 |     74 |     26 |   2781 |   4 |  917.0 |
       Dungeon |   3668 |   3594 |     74 |     26 |   2781 |   4 |  917.0 |
               +--------+--------+--------+--------+--------+-----+--------+

Top non-repeatable levels by time:
     D:2: 1247 daAuts
     D:1: 1013 daAuts
     D:3: 971 daAuts
     D:4: 435 daAuts
